[ AOE2 MATCH · #484386009 ]
UnrankedVietnamese vs Bohemians
Player's team · LOSS
[ REPLAY ANALYSIS · EXTRACTED FROM THE RECORDED GAME ]
Feudal
10:28
Castle
21:11
Imperial
39:49
| APM avg | 37.1 |
| APM peak | 87 |
| eAPM avg | 15.6 |
| Villagers / military | 138 / 68 |
Focus
⚔️ 27.7% · 🌾 72.3%
Archer ×19 · Rattan Archer ×17 · Fire Lancer ×9 · Mangonel ×7 · Militia ×5 · Bombard Cannon ×4
Feudal
10:34
Castle
22:51
Imperial
36:09
| APM avg | 36.9 |
| APM peak | 87 |
| eAPM avg | 20.6 |
| Villagers / military | 159 / 140 |
Focus
⚔️ 42.9% · 🌾 57.1%
Skirmisher ×89 · Scout Cavalry ×33 · Bombard Cannon ×8 · Spearman ×4 · Trebuchet (Packed) ×3 · Archer ×2
Match map
Initial resources + every placement click. Lines = walls · curves = elevation contours. ◆ gold · ⬟ stone · ● berries · ✦ relic · ◌ wall gap
Your base· Open — opponent sealed themselves in
DMarrett13's base· ✓ Closed at 22:51 · 35t walls · 2 gate(s)
Smoothed initial terrain · ◌ = detected wall gap · hover for details
Inputs per minute
— h0nu - - DMarrett13
Build order — h0nu
First 150 of 331 actions detected
| 0:01 | Create | Villager (Male) |
| 0:02 | Build | House |
| 0:03 | Build | House |
| 0:04 | Create | Villager (Male) |
| 0:04 | Create | Villager (Male) |
| 0:04 | Create | Villager (Male) |
| 1:57 | Build | Lumber Camp |
| 2:06 | Create | Villager (Male) |
| 2:06 | Create | Villager (Male) |
| 2:07 | Create | Villager (Male) |
| 2:30 | Create | Villager (Male) |
| 2:56 | Build | House |
| 3:04 | Build | House |
| 3:11 | Create | Villager (Male) |
| 3:11 | Create | Villager (Male) |
| 3:46 | Create | Villager (Male) |
| 3:46 | Create | Villager (Male) |
| 4:58 | Create | Villager (Male) |
| 4:59 | Create | Villager (Male) |
| 4:59 | Create | Villager (Male) |
| 4:59 | Create | Villager (Male) |
| 5:36 | Build | Mill |
| 6:10 | Create | Villager (Male) |
| 6:10 | Create | Villager (Male) |
| 6:11 | Create | Villager (Male) |
| 6:11 | Create | Villager (Male) |
| 6:30 | Create | Villager (Male) |
| 6:31 | Create | Villager (Male) |
| 6:31 | Create | Villager (Male) |
| 6:42 | Research | Loom |
| 6:45 | Create | Villager (Male) |
| 6:45 | Create | Villager (Male) |
| 6:46 | Create | Villager (Male) |
| 7:28 | Create | Villager (Male) |
| 7:28 | Create | Villager (Male) |
| 7:28 | Create | Villager (Male) |
| 7:28 | Create | Villager (Male) |
| 7:29 | Create | Villager (Male) |
| 7:29 | Create | Villager (Male) |
| 7:56 | Create | Villager (Male) |
| 7:57 | Create | Villager (Male) |
| 7:57 | Create | Villager (Male) |
| 7:58 | Create | Villager (Male) |
| 7:58 | Create | Villager (Male) |
| 7:58 | Create | Villager (Male) |
| 7:58 | Create | Villager (Male) |
| 8:06 | Research | Feudal Age |
| 8:19 | Build | Barracks |
| 8:32 | Create | Villager (Male) |
| 9:29 | Build | Farm |
| 9:33 | Build | Farm |
| 9:34 | Create | Villager (Male) |
| 9:37 | Create | Militia |
| 9:38 | Create | Militia |
| 9:52 | Build | Mining Camp |
| 10:19 | Create | Villager (Male) |
| 10:28 | Age | Feudal Age |
| 10:35 | Create | Villager (Male) |
| 10:45 | Create | Spearman |
| 10:58 | Build | House |
| 11:02 | Build | Palisade Wall |
| 11:27 | Research | Man-at-Arms (upgrade) |
| 11:39 | Create | Villager (Male) |
| 11:44 | Build | Farm |
| 12:01 | Create | Militia |
| 12:09 | Create | Villager (Male) |
| 12:15 | Build | House |
| 12:22 | Build | Palisade Wall |
| 12:31 | Create | Villager (Male) |
| 12:34 | Research | Double-Bit Axe |
| 12:39 | Create | Militia |
| 13:02 | Create | Militia |
| 13:08 | Create | Villager (Male) |
| 13:17 | Build | Stable |
| 13:26 | Build | Farm |
| 13:32 | Build | Farm |
| 13:54 | Build | House |
| 13:59 | Create | Villager (Male) |
| 14:10 | Build | Blacksmith |
| 14:56 | Research | Arson |
| 15:10 | Create | Villager (Male) |
| 15:45 | Create | Villager (Male) |
| 15:47 | Build | Farm |
| 15:49 | Build | Farm |
| 15:51 | Create | Villager (Male) |
| 15:57 | Build | Archery Range |
| 16:07 | Build | Lumber Camp |
| 16:33 | Build | Farm |
| 16:59 | Create | Villager (Male) |
| 17:17 | Build | Market |
| 17:24 | Create | Villager (Male) |
| 17:28 | Research | Wheelbarrow |
| 17:32 | Build | Farm |
| 17:39 | Research | Gold Mining |
| 17:57 | Build | Farm |
| 18:05 | Build | House |
| 18:08 | Build | House |
| 18:09 | Build | House |
| 18:23 | Create | Villager (Male) |
| 18:31 | Research | Castle Age |
| 18:31 | Create | Villager (Male) |
| 18:57 | Build | Lumber Camp |
| 19:13 | Create | Spearman |
| 19:16 | Create | Scout Cavalry |
| 19:21 | Create | Archer |
| 19:22 | Create | Archer |
| 19:32 | Build | Mining Camp |
| 19:34 | Create | Villager (Male) |
| 19:46 | Create | Archer |
| 19:58 | Build | Lumber Camp |
| 20:03 | Create | Villager (Male) |
| 20:06 | Create | Archer |
| 20:11 | Create | Scout Cavalry |
| 20:17 | Create | Villager (Male) |
| 20:25 | Create | Villager (Male) |
| 20:26 | Research | Fletching |
| 20:30 | Create | Archer |
| 20:57 | Create | Villager (Male) |
| 21:00 | Research | Town Watch |
| 21:05 | Create | Villager (Male) |
| 21:11 | Age | Castle Age |
| 21:18 | Create | Villager (Male) |
| 21:33 | Build | Town Center |
| 21:51 | Research | Crossbowman (upgrade) |
| 21:57 | Create | Villager (Male) |
| 22:41 | Create | Villager (Male) |
| 22:45 | Create | Villager (Male) |
| 22:57 | Build | University |
| 23:03 | Create | Villager (Male) |
| 23:03 | Create | Villager (Male) |
| 23:04 | Create | Villager (Male) |
| 23:05 | Create | Villager (Male) |
| 23:21 | Build | Farm |
| 23:25 | Build | Farm |
| 23:33 | Create | Villager (Male) |
| 23:35 | Create | Villager (Male) |
| 24:12 | Create | Villager (Male) |
| 24:13 | Create | Villager (Male) |
| 24:13 | Create | Villager (Male) |
| 24:21 | Create | Villager (Male) |
| 24:37 | Build | House |
| 24:42 | Build | House |
| 24:43 | Build | House |
| 24:45 | Build | House |
| 24:46 | Build | House |
| 24:49 | Build | House |
| 24:53 | Build | Archery Range |
| 24:57 | Create | Villager (Male) |
| 25:06 | Build | Mining Camp |
| 25:09 | Create | Villager (Male) |
Build order — DMarrett13
First 150 of 395 actions detected
| 0:01 | Create | Villager (Male) ×4 |
| 0:02 | Build | House |
| 0:04 | Build | House |
| 1:31 | Create | Villager (Male) |
| 1:54 | Build | House |
| 1:55 | Build | House |
| 2:07 | Create | Villager (Male) |
| 2:34 | Create | Villager (Male) |
| 2:51 | Build | Lumber Camp |
| 3:10 | Create | Villager (Male) ×2 |
| 3:37 | Create | Villager (Male) |
| 4:03 | Create | Villager (Male) ×2 |
| 4:45 | Create | Villager (Male) ×2 |
| 6:12 | Create | Villager (Male) ×5 |
| 6:17 | Build | Mill |
| 6:43 | Create | Villager (Male) ×2 |
| 7:07 | Create | Villager (Male) |
| 8:24 | Research | Feudal Age |
| 8:35 | Build | Mining Camp |
| 9:51 | Build | Barracks |
| 9:57 | Research | Loom |
| 9:58 | Create | Villager (Male) |
| 9:59 | Create | Villager (Male) |
| 10:12 | Build | House |
| 10:16 | Build | House |
| 10:18 | Build | Palisade Wall |
| 10:19 | Build | Palisade Wall |
| 10:34 | Age | Feudal Age |
| 10:42 | Build | Archery Range |
| 10:45 | Build | House |
| 10:46 | Build | House |
| 10:52 | Build | Palisade Wall |
| 10:54 | Build | Palisade Wall |
| 10:59 | Build | Palisade Wall |
| 11:02 | Create | Villager (Male) ×5 |
| 11:13 | Build | Palisade Wall |
| 11:23 | Research | Double-Bit Axe |
| 11:27 | Create | Skirmisher |
| 11:38 | Build | Palisade Wall |
| 11:55 | Build | House |
| 12:01 | Build | Palisade Wall |
| 12:09 | Build | Palisade Wall |
| 12:47 | Build | Palisade Gate |
| 13:01 | Build | Lumber Camp |
| 13:12 | Build | Farm |
| 13:23 | Build | House |
| 13:24 | Build | House |
| 13:27 | Build | Palisade Wall |
| 14:01 | Create | Villager (Male) |
| 14:02 | Create | Villager (Male) |
| 14:03 | Build | Farm |
| 14:07 | Build | Farm |
| 14:11 | Build | Farm |
| 14:20 | Build | Farm |
| 14:24 | Create | Villager (Male) |
| 14:41 | Build | Palisade Gate |
| 14:43 | Build | House |
| 14:56 | Create | Skirmisher |
| 15:00 | Build | House |
| 15:09 | Build | Lumber Camp |
| 15:18 | Build | House |
| 15:23 | Build | House |
| 15:39 | Create | Skirmisher |
| 15:41 | Create | Villager (Male) ×5 |
| 15:52 | Create | Skirmisher |
| 16:02 | Create | Archer |
| 16:06 | Create | Archer |
| 16:08 | Build | Farm |
| 16:08 | Build | Farm |
| 16:09 | Build | Farm |
| 16:24 | Build | Farm |
| 16:43 | Build | Blacksmith |
| 17:00 | Build | Farm |
| 17:01 | Build | Farm |
| 17:01 | Build | Farm |
| 17:01 | Build | Farm |
| 17:44 | Create | Villager (Male) |
| 17:49 | Build | Farm |
| 17:49 | Build | Farm |
| 17:50 | Build | Farm |
| 17:50 | Build | Farm |
| 17:50 | Build | Farm |
| 18:17 | Create | Villager (Male) |
| 18:27 | Build | House |
| 18:39 | Create | Villager (Male) |
| 18:43 | Build | Farm |
| 18:44 | Build | Farm |
| 19:17 | Create | Villager (Male) |
| 19:21 | Build | Market |
| 19:37 | Research | Horse Collar |
| 19:46 | Create | Villager (Male) |
| 20:09 | Research | Castle Age |
| 20:29 | Build | Farm |
| 21:00 | Research | Padded Archer Armor |
| 21:24 | Build | Stable |
| 21:40 | Research | Fletching |
| 22:17 | Create | Villager (Male) ×5 |
| 22:51 | Age | Castle Age |
| 22:52 | Build | Town Center |
| 22:57 | Build | Town Center |
| 23:08 | Research | Elite Skirmisher (upgrade) |
| 23:10 | Research | Bodkin Arrow |
| 23:14 | Create | Skirmisher |
| 23:14 | Create | Skirmisher |
| 23:22 | Build | Archery Range |
| 23:25 | Create | Villager (Male) |
| 23:26 | Create | Villager (Male) |
| 23:27 | Research | Wheelbarrow |
| 23:30 | Create | Villager (Male) |
| 23:31 | Create | Villager (Male) |
| 24:14 | Research | Leather Archer Armor |
| 24:29 | Research | Light Cavalry (upgrade) |
| 24:42 | Create | Villager (Male) |
| 24:42 | Create | Villager (Male) |
| 24:42 | Create | Villager (Male) |
| 24:43 | Create | Villager (Male) |
| 24:53 | Create | Villager (Male) |
| 24:53 | Create | Villager (Male) |
| 24:53 | Create | Villager (Male) |
| 24:59 | Research | Scale Barding Armor |
| 24:59 | Research | Forging |
| 25:29 | Build | Farm |
| 25:31 | Create | Villager (Male) ×5 |
| 25:34 | Build | Farm |
| 25:43 | Build | House |
| 25:44 | Build | House |
| 25:50 | Create | Villager (Male) |
| 25:50 | Create | Villager (Male) |
| 25:57 | Create | Scout Cavalry |
| 25:57 | Create | Scout Cavalry |
| 26:11 | Build | Farm |
| 26:11 | Build | Farm |
| 26:11 | Build | Farm |
| 26:11 | Build | Farm |
| 26:11 | Build | Farm |
| 26:12 | Build | Farm |
| 26:13 | Build | Farm |
| 26:24 | Research | Heavy Plow |
| 26:35 | Build | House |
| 26:38 | Build | House |
| 26:42 | Build | House |
| 26:58 | Create | Skirmisher |
| 26:59 | Create | Skirmisher |
| 26:59 | Create | Skirmisher |
| 27:00 | Create | Villager (Male) ×5 |
| 27:10 | Build | Farm |
| 27:10 | Build | Farm |
| 27:10 | Build | Farm |
| 27:10 | Build | Farm |
| 27:11 | Build | Farm |
Match timeline
| 8:19 | h0nu · first_building Barracks |
| 9:51 | DMarrett13 · first_building Barracks |
| 10:18 | DMarrett13 · wall_segment Palisade Wall x1 |
| 10:19 | DMarrett13 · wall_segment Palisade Wall x1 |
| 10:28 | h0nu · age_up feudal |
| 10:34 | DMarrett13 · age_up feudal |
| 10:42 | DMarrett13 · first_building Archery Range |
| 10:52 | DMarrett13 · wall_segment Palisade Wall x8 |
| 10:54 | DMarrett13 · wall_segment Palisade Wall x1 |
| 10:59 | DMarrett13 · wall_segment Palisade Wall x5 |
| 11:02 | h0nu · wall_segment Palisade Wall x4 |
| 11:13 | DMarrett13 · wall_segment Palisade Wall x3 |
| 11:38 | DMarrett13 · wall_segment Palisade Wall x1 |
| 12:01 | DMarrett13 · wall_segment Palisade Wall x9 |
| 12:09 | DMarrett13 · wall_segment Palisade Wall x3 |
| 12:22 | h0nu · wall_segment Palisade Wall x4 |
| 13:17 | h0nu · first_building Stable |
| 13:27 | DMarrett13 · wall_segment Palisade Wall x4 |
| 15:57 | h0nu · first_building Archery Range |
| 21:11 | h0nu · age_up castle |
| 21:24 | DMarrett13 · first_building Stable |
| 22:51 | DMarrett13 · age_up castle |
| 25:52 | h0nu · first_building Siege Workshop |
| 26:47 | h0nu · first_building Castle |
| 26:54 | h0nu · first_building Monastery |
| 27:24 | DMarrett13 · wall_segment Palisade Wall x1 |
| 29:01 | h0nu · first_market_sell 100 food |
| 32:16 | DMarrett13 · first_building Siege Workshop |
| 34:19 | DMarrett13 · first_building Castle |
| 36:09 | DMarrett13 · age_up imperial |
| 36:27 | h0nu · first_market_buy 100 food |
| 36:28 | DMarrett13 · first_market_sell 500 food |
| 39:49 | h0nu · age_up imperial |
| 46:55 | h0nu · resign |
[ AI ANALYSIS · 1 CREDIT ]
What really happened in this match?
Wolo.gg analyzes every decision: build order, eco, micro, common mistakes by bracket. Personalized analysis on WhatsApp or Discord in 30 seconds.
Civ guide
Vietnamese
Perfil
h0nu